 Dungeon Crawl Stone Soup version 0.16.0-18-g484a79e (webtiles) character file.

98893 zuzupoo the Peltast (level 16, -3/130 HPs)
             Began as a Formicid Fighter on Mar 21, 2015.
             Was a High Priest of Okawaru.
             Slain by an anaconda (11 damage)
             ... on level 3 of the Snake Pit on Mar 22, 2015.
             The game lasted 02:55:45 (35102 turns).

zuzupoo the Peltast (Formicid Fighter)             Turns: 35102, Time: 02:55:45

Health: -3/130     AC: 25    Str: 34    XL:     16   Next: 74%
Magic:  5/28       EV: 24    Int: 10    God:    Okawaru [*****.]
Gold:   2489       SH: 25    Dex: 16    Spells: 0 memorised, 15 levels left

rFire  + + .     SeeInvis +     w - +5 halberd (flame)
rCold  . . .     Clarity  +     G - +5 chain mail {rPois}
rNeg   . . .     SustAb   .     R - +0 large shield
rPois  +         Gourm    .     (helmet unavailable)
rElec  .         Spirit   .     I - +0 cloak
rCorr  .         Warding  .     t - +2 pair of gloves of the Wumpus {rF+ Str+4 Stlth-}
rMut   .         Stasis   +     (no boots)
MR     ++...                    m - amulet of clarity
Stlth  ..........               j - +5 ring of strength
                                N - ring of protection from fire

@: agile, heroism, very resistant to hostile enchantments, extremely unstealthy
A: permanent stasis, dig shafts and tunnels, four strong arms, antennae 3,
breathe flames 1, magic resistance 1
a: Dig, Shaft Self, Heroism, Renounce Religion, Breathe Fire


You were on level 3 of the Snake Pit.
You worshipped Okawaru.
Okawaru was extremely pleased with you.
You were not hungry.

You visited 5 branches of the dungeon, and saw 27 of its levels.
You also visited: Ossuary and Volcano.

You collected 3214 gold pieces.
You spent 725 gold pieces at shops.

Inventory:

Hand weapons
 i - a +3 halberd of venom
 w - a +5 halberd of flaming (weapon)
 C - the +7 arbalest "Embalmer" {velocity, +Inv MR+ Str-3 Dex-5 Stlth+}
   (You found it on level 6 of the Lair of Beasts)

   Any bolt fired from it inflicts extra damage.
   It affects your strength (-3).
   It affects your dexterity (-5).
   It affects your resistance to hostile enchantments.
   It lets you turn invisible.
   It makes you more stealthy.
Missiles
 b - 80 bolts
 l - 26 poisoned bolts
 S - 17 bolts of penetration
Armour
 r - the +8 chain mail of Bedevilment {Str+4}
   (You found it on level 4 of the Lair of Beasts)

   It affects your strength (+4).
 t - the +2 pair of gloves of the Wumpus (worn) {rF+ Str+4 Stlth-}
   (Okawaru gifted it to you on level 4 of the Lair of Beasts)

   It affects your strength (+4).
   It protects you from fire.
   It makes you less stealthy.
 G - a +5 chain mail of poison resistance (worn)
 I - a +0 cloak (worn)
 R - a +0 large shield (worn)
 T - a +2 cloak of invisibility
Jewellery
 j - a +5 ring of strength (right hand)
 m - an amulet of clarity (around neck)
 H - a +5 ring of protection
 N - a ring of protection from fire (left hand)
Magical devices
 e - a wand of cold (8)
 n - a wand of flame (44)
 v - a wand of enslavement (14)
 y - a wand of lightning (0)
 A - a wand of fire (3)
 K - a wand of cold (6)
Scrolls
 c - 5 scrolls of identify
 g - 5 scrolls of amnesia
 k - 3 scrolls of enchant armour
 p - 8 scrolls of remove curse
 q - 5 scrolls of fog
 x - 2 scrolls of fear
 P - 2 scrolls of enchant weapon
Potions
 f - a potion of cure mutation {unknown}
 h - 3 potions of curing
 o - a potion of mutation
 s - a potion of flight
 u - a potion of magic
 z - a potion of agility
 B - 5 potions of restore abilities
 D - 5 potions of brilliance
 E - a potion of cancellation
 F - a potion of resistance
Books
 a - a book of the Earth

   Spells                             Type                      Level
   a - Leda's Liquefaction            Hexes/Earth                  4
   b - Bolt of Magma                  Conjuration/Fire/Earth       5
   c - Statue Form                    Transmutation/Earth          6
   d - Iron Shot                      Conjuration/Earth            6
   e - Shatter                        Earth                        9
Miscellaneous
 L - a plain deck of destruction {Venom}
 M - a plain deck of summoning
 O - a plain deck of summoning
 Q - a fan of gales
Comestibles
 d - 13 bread rations
 U - 6 poisonous chunks of flesh


   Skills:
 - Level 13.0(18.0) Fighting
   Level 3.4(14.3) Axes
 - Level 13.0(18.1) Polearms
 + Level 7.9(12.9) Crossbows
 - Level 13.1(18.1) Armour
 - Level 10.1(15.1) Dodging
 - Level 15.0(20.0) Shields
 - Level 0.8 Invocations
 - Level 7.0 Evocations


You had 15 spell levels left.
You didn't know any spells.

Dungeon Overview and Level Annotations

Branches:
Dungeon (10/15)            Temple (1/1) D:5            Lair (8/8) D:9
  Swamp (0/5) Lair:4        Snake (4/5) Lair:3        Slime (0/6) Lair:6
    Orc (4/4) D:10            Elf (0/3) Orc:3

Altars:
Ashenzari
Cheibriados
Dithmenos
Elyvilon
Fedhas
Gozag
Kikubaaqudgha
Makhleb
Nemelex Xobeh
Okawaru
Qazlal
Ru
Sif Muna
Trog
Vehumet
Xom
Yredelemnul
Zin
The Shining One
Jiyva

Shops:
Orc:4 =::*

Annotations:
Snake:2 exclusion: ice statue
Snake:4 Azrael


Innate Abilities, Weirdness & Mutations

You are under a permanent stasis effect.
You can dig through walls and to a lower floor.
Your four strong arms can wield two-handed weapons with a shield.
You have a pair of large antennae on your head (SInv).
You can breathe flames.
You are resistant to hostile enchantments.


Message History

The anaconda constricts you. You block the black mamba's attack.
Unknown command.
You slice the mana viper like a ripe choko!!!
You burn the mana viper!!
You kill the mana viper!
Okawaru accepts your kill.
You hear a shout!
You block the black mamba's attack. You block the anaconda's attack.
The anaconda bites you but does no damage.
You block the anaconda's attack.
* * * LOW HITPOINT WARNING * * *
The anaconda constricts you. The black mamba misses you.
You escape the anaconda's grasp.
You block the black mamba's attack. The anaconda misses you.
You block the anaconda's attack. The anaconda closely misses you.
The anaconda completely misses you. You block the anaconda's attack. x2
There is an open door, spattered with blood here.
The anaconda completely misses you. You block the anaconda's attack.
You block the anaconda's attack. The anaconda bites you!
You die...

# ##....#..###''###+##'####.##
#.....#...##................
#.....'.....................
#.....#.#.....########.####.
#.....#.####.## #.# #. #
####'##+####+## ##'####'
########..{...#....## #.......
.##....#......#....)# #.......
..#..#.#.....{#.@...# #.......
..#..#.#....{.#S....# #.......
..'....'....SSS.....# #......#
..#....'....SS#.....### #.....##
..#.##+#......#....)).#####...##
###.#..##'##+##+##'#####......#
###)#......'...........'......#
#.>)'......'...........'.....##
'...'.....##########..##....##


You could see 3 anacondas, a black mamba and a water moccasin.

Vanquished Creatures
  Rupert (Lair:6)
  Maud (Lair:8)
  Louise (Snake:1)
  A mottled draconian (Volcano)
  Snorg (Lair:5)
  A fire dragon (Lair:8)
  Harold (Lair:1)
  6 hydras
  A catoblepas (Lair:8)
  3 naga warriors
  7 anacondas
  The ghost of Artificial the Basher, an experienced HOFi of Beogh (D:10)
  5 death yaks
  3 orc high priests (Orc:4)
  4 naga sharpshooters
  3 shock serpents
  A naga ritualist (Snake:3)
  6 orc knights
  Pikel (D:8)
  A statue (Volcano)
  5 orc sorcerers
  An oklob plant (Lair:6)
  2 lindwurms (Lair:8)
  4 mana vipers
  6 elephants
  2 griffons (Lair:6)
  A cyclops (Orc:4)
  2 salamanders
  17 black mambas
  A queen ant (Lair:8)
  6 naga magi
  14 spiny frogs
  7 torpor snails
  A centaur skeleton (D:10)
  9 komodo dragons
  4 fire drakes
  A troll (Orc:4)
  38 blink frogs
  2 polar bears
  3 giant leeches (Lair:8)
  A two-headed ogre (Volcano)
  A boulder beetle (Lair:8)
  A trapdoor spider (D:10)
  3 basilisks
  8 wolves
  Eustachio (Orc:1)
  A deep elf mage (Orc:3)
  3 wyverns
  55 yaks
  A deep elf fighter (Volcano)
  A fire elemental (Snake:3)
  5 hippogriffs
  5 fire bats
  6 swamp worms (Lair:4)
  Menkaure (D:4)
  6 wargs
  7 soldier ants (Lair:8)
  25 nagas
  24 water moccasins
  16 porcupines
  A sky beast (D:9)
  A hell hound (Snake:3)
  8 ogres
  A boring beetle (Lair:5)
  18 orc warriors
  3 necrophages
  3 wasps (Lair:8)
  4 centaurs
  A phantom (D:6)
  9 crocodiles
  Sigmund (D:2)
  An ice beast (D:9)
  A big kobold (D:9)
  4 brain worms (Lair:8)
  12 giant frogs
  A water moccasin zombie (D:6)
  12 killer bees
  5 electric eels
  6 scorpions
  A yak skeleton (Orc:4)
  12 wights
  9 lava snakes (Volcano)
  3 crimson imps
  2 giant frog zombies (D:6)
  A quasit (D:6)
  24 orc priests
  9 hounds
  A jelly (D:9)
  2 giant frog skeletons
  6 iguanas
  19 orc wizards
  26 worker ants
  2 killer bee zombies
  17 sheep
  13 mummies (Ossuary)
  2 hound zombies
  3 hound skeletons
  2 worker ant zombies (D:6)
  25 adders
  10 gnolls
  4 orc zombies (Orc:4)
  48 river rats
  A giant mite (D:7)
  22 worms
  125 orcs
  A bat skeleton (D:4)
  2 bat zombies (D:6)
  22 goblins
  20 hobgoblins
  7 jackals
  23 kobolds
  2 ball pythons
  10 bats
  6 giant cockroaches
  A giant cockroach zombie (D:1)
  4 giant geckos
  4 giant newts
  A goblin skeleton (Orc:4)
  A hobgoblin skeleton (Orc:4)
  A jackal skeleton (D:6)
  4 kobold skeletons (Ossuary)
  7 orc skeletons
  12 quokkas
  2 quokka skeletons
  A quokka zombie (D:1)
  34 rats
  14 rat skeletons
  2 ballistomycetes (D:10)
  10 fungi
  5 plants
1023 creatures vanquished.

Vanquished Creatures (others)
  A hydra (Lair:8)
  2 slaves (D:8)
  An electric eel (Lair:2)
  A worker ant (D:8)
  A hobgoblin (D:8)
  A kobold (D:10)
  A giant spore (D:10)
  2 rat skeletons (Orc:4)
  A bush (Lair:8)
  26 fungi
  4 plants (Lair:8)
41 creatures vanquished.

Grand Total: 1064 creatures vanquished

Notes
Turn   | Place    | Note
--------------------------------------------------------------
     0 | D:1      | zuzupoo, the Formicid Fighter, began the quest for the Orb.
     0 | D:1      | Reached XP level 1. HP: 18/18 MP: 1/1
   166 | D:1      | Reached XP level 2. HP: 22/25 MP: 3/3
   361 | D:1      | Reached skill level 4 in Fighting
   614 | D:1      | Reached XP level 3. HP: 28/30 MP: 4/4
  1443 | D:2      | Reached XP level 4. HP: 33/38 MP: 5/5
  1484 | D:2      | Reached skill level 5 in Fighting
  1640 | D:2      | Noticed Sigmund
  1644 | D:2      | Killed Sigmund
  1644 | D:2      | Reached XP level 5. HP: 44/44 MP: 7/7
  1868 | D:3      | Reached skill level 6 in Fighting
  1868 | D:3      | Reached XP level 6. HP: 46/52 MP: 8/8
  1891 | D:3      | Found an ancient bone altar of Kikubaaqudgha.
  2196 | D:3      | Reached skill level 1 in Polearms
  3162 | D:4      | Reached XP level 7. HP: 30/59 MP: 9/9
  3327 | D:4      | Noticed an ogre
  3330 | D:4      | Killed an ogre
  3330 | D:4      | Reached skill level 7 in Fighting
  3936 | D:4      | Noticed Menkaure
  3947 | D:4      | Killed Menkaure
  3947 | D:4      | Reached skill level 8 in Fighting
  3947 | D:4      | Reached XP level 8. HP: 53/68 MP: 11/11
  4065 | D:5      | Entered Level 5 of the Dungeon
  4225 | D:4      | Found a deep blue altar of Sif Muna.
  4280 | D:5      | Found a staircase to the Ecumenical Temple.
  4298 | Temple   | Entered the Ecumenical Temple
  4372 | Temple   | Became a worshipper of the Shining One
  4382 | Temple   | Fell from the grace of the Shining One
  4397 | Temple   | Became a worshipper of Warmaster Okawaru
  4616 | D:5      | Reached skill level 5 in Polearms
  5101 | D:5      | Found a blossoming altar of Fedhas.
  5135 | D:5      | Reached skill level 9 in Fighting
  5295 | D:6      | Found a sparkling altar of Nemelex Xobeh.
  5361 | D:6      | Acquired Okawaru's first power
  5361 | D:6      | Reached XP level 9. HP: 65/76 MP: 12/12
  5419 | D:6      | Found a white marble altar of Elyvilon.
  5537 | D:6      | Found a sand-covered staircase.
  5558 | Ossuary  | Entered an ossuary
  6801 | D:7      | Reached skill level 10 in Fighting
  7064 | D:7      | Found a burning altar of Makhleb.
  7081 | D:7      | Found a radiant altar of Vehumet.
  7095 | D:7      | Found a stormy altar of Qazlal.
  7932 | D:7      | Reached XP level 10. HP: 84/86 MP: 14/14
  8586 | D:8      | Noticed Pikel
  8592 | D:8      | Killed Pikel
  8592 | D:8      | Reached skill level 11 in Fighting
  9545 | D:10     | Entered Level 10 of the Dungeon
  9554 | D:9      | Reached skill level 10 in Polearms
  9726 | D:9      | Found a staircase to the Lair.
  9793 | D:9      | Noticed a spiny frog
  9798 | D:9      | Killed a spiny frog
  9798 | D:9      | Reached skill level 5 in Armour
 10160 | D:9      | Reached skill level 5 in Shields
 10171 | D:9      | Reached XP level 11. HP: 49/93 MP: 16/16
 10380 | D:10     | Noticed Artificial's ghost (experienced HOFi)
 10398 | D:10     | Killed Artificial's ghost
 10817 | D:10     | Received a gift from Okawaru
 10953 | D:10     | Acquired Okawaru's second power
 11858 | D:10     | Found a staircase to the Orcish Mines.
 12140 | Orc:1    | Entered Level 1 of the Orcish Mines
 12582 | Orc:3    | Noticed an orc knight
 12583 | Orc:3    | Found a staircase to the Elven Halls.
 12611 | Orc:3    | Killed an orc knight
 13121 | Orc:2    | Found a glowing silver altar of Zin.
 13774 | Orc:1    | Noticed Eustachio
 13778 | Orc:1    | Killed Eustachio
 14155 | Orc:4    | Entered Level 4 of the Orcish Mines
 14160 | Orc:4    | Received a gift from Okawaru
 14193 | Orc:4    | Noticed an orc knight
 14216 | Orc:3    | Reached XP level 12. HP: 10/100 MP: 17/17
 14555 | Orc:4    | Killed an orc knight
 14555 | Orc:4    | Reached skill level 10 in Shields
 14579 | Orc:4    | Noticed a cyclops
 14584 | Orc:4    | Killed a cyclops
 14597 | Orc:4    | Noticed an orc sorcerer
 14601 | Orc:4    | Noticed an orc knight
 14657 | Orc:3    | Reached skill level 10 in Armour
 14878 | Orc:3    | Killed an orc sorcerer
 14889 | Orc:4    | Killed an orc knight
 14889 | Orc:4    | Received a gift from Okawaru
 14896 | Orc:4    | Noticed an orc high priest
 14897 | Orc:4    | Noticed a soul eater
 15038 | Orc:4    | Noticed an orc sorcerer
 15045 | Orc:4    | Noticed a sun demon
 15045 | Orc:4    | Killed an orc high priest
 15052 | Orc:4    | Killed an orc sorcerer
 15105 | Orc:4    | Noticed an orc sorcerer
 15111 | Orc:4    | Killed an orc sorcerer
 15111 | Orc:4    | Reached skill level 12 in Shields
 15202 | Orc:4    | Noticed an orc sorcerer
 15203 | Orc:4    | Noticed an orc knight
 15210 | Orc:4    | Noticed a soul eater
 15215 | Orc:4    | Killed an orc sorcerer
 15219 | Orc:4    | Noticed an orc high priest
 15229 | Orc:4    | Killed an orc high priest
 15248 | Orc:4    | Noticed an orc knight
 15256 | Orc:4    | Noticed an orc sorcerer
 15262 | Orc:4    | Killed an orc knight
 15559 | Orc:4    | Reached skill level 13 in Shields
 15575 | Orc:4    | Killed an orc sorcerer
 15585 | Orc:4    | Noticed an orc high priest
 15586 | Orc:4    | Noticed a sun demon
 15587 | Orc:4    | Noticed an orc knight
 15596 | Orc:4    | Killed an orc high priest
 15601 | Orc:4    | Killed an orc knight
 15601 | Orc:4    | Received a gift from Okawaru
 15603 | Orc:4    | Got a pair of dazzling boots {god gift}
 15606 | Orc:4    | Killed an orc knight
 15612 | Orc:4    | Identified the -4 pair of boots of the Equator {MR- Str-5 Int+6 Dex+4} (Okawaru gifted it to you on level 4 of the Orcish Mines)
 15619 | Orc:4    | Found Zithrasch's Book Emporium.
 15729 | Orc:4    | Found Unimepau's Jewellery Boutique.
 15730 | Orc:4    | Found Khatwics' Assorted Antiques.
 15731 | Orc:4    | Found Ozaumuga's Book Boutique.
 15794 | Orc:4    | Bought a potion of heal wounds for 160 gold pieces
 15798 | Orc:4    | Bought an uncursed ring of protection from fire for 350 gold pieces
 16125 | Lair:1   | Entered Level 1 of the Lair of Beasts
 16135 | Lair:1   | Gained mutation: You can breathe flames. [potion of beneficial mutation]
 16306 | Lair:1   | Upgraded the game from 0.16.0-17-g811c1d7 to 0.16.0-18-g484a79e
 16318 | Lair:1   | Reached skill level 14 in Shields
 16318 | Lair:1   | Reached XP level 13. HP: 91/106 MP: 18/18
 17240 | Lair:1   | Noticed Harold
 17255 | Lair:1   | Killed Harold
 17442 | Lair:2   | Reached skill level 15 in Shields
 18044 | Lair:2   | Got a bloodstained scale mail
 18055 | Lair:2   | Identified the +2 scale mail "Qucuacuide" {rElec rPois Int-2 SInv} (You found it on level 2 of the Lair of Beasts)
 18788 | Lair:2   | Gained mutation: You are resistant to hostile enchantments. [potion of beneficial mutation]
 19783 | Lair:3   | Found a staircase to the Snake Pit.
 19845 | Lair:3   | Reached skill level 1 in Dodging
 20678 | Lair:4   | Received a gift from Okawaru
 20679 | Lair:4   | Got a pair of ancient gloves {god gift}
 20767 | Lair:4   | Identified the +2 pair of gloves of the Wumpus {rF+ Str+4 Stlth-} (Okawaru gifted it to you on level 4 of the Lair of Beasts)
 20819 | Lair:4   | Reached XP level 14. HP: 76/115 MP: 19/19
 21189 | Lair:4   | Found a staircase to the Swamp.
 21384 | Lair:4   | Got a fine chain mail
 21405 | Lair:4   | Identified the +8 chain mail of Bedevilment {Str+4} (You found it on level 4 of the Lair of Beasts)
 22075 | Lair:4   | Reached skill level 5 in Dodging
 22388 | Lair:5   | Found a dark tunnel.
 22411 | Volcano  | Entered a volcano
 22707 | Volcano  | Found a bloodstained altar of Trog.
 23850 | Lair:5   | Found a white marble altar of Elyvilon.
 24124 | Lair:5   | Noticed Snorg
 24135 | Lair:5   | Killed Snorg
 24553 | Lair:6   | Got a pair of brightly glowing gloves
 24569 | Lair:6   | Identified the +1 pair of gloves of Magic {Int+3} (You found it on level 6 of the Lair of Beasts)
 24675 | Lair:6   | Received a gift from Okawaru
 24676 | Lair:6   | Got a crude executioner's axe {god gift}
 24677 | Lair:6   | Identified the +6 executioner's axe of Plen Ina {speed, Dex+9} (Okawaru gifted it to you on level 6 of the Lair of Beasts)
 24697 | Lair:6   | Noticed Rupert
 24710 | Lair:6   | Killed Rupert
 24980 | Lair:6   | Found a white marble altar of Elyvilon.
 25320 | Lair:6   | Found a viscous altar of Jiyva.
 25321 | Lair:6   | Found a staircase to the Slime Pits.
 25415 | Lair:6   | Got a jewelled arbalest
 25417 | Lair:6   | Identified the +7 arbalest "Embalmer" {velocity, +Inv MR+ Str-3 Dex-5 Stlth+} (You found it on level 6 of the Lair of Beasts)
 25783 | Lair:7   | Reached XP level 15. HP: 118/120 MP: 20/20
 27078 | Lair:8   | Entered Level 8 of the Lair of Beasts
 27420 | Lair:8   | Reached skill level 10 in Dodging
 27484 | Lair:8   | Received a gift from Okawaru
 27552 | Lair:8   | Reached skill level 1 in Evocations
 27829 | Lair:8   | Reached skill level 5 in Evocations
 28545 | Lair:8   | Noticed Maud
 28565 | Lair:8   | Killed Maud
 29176 | Lair:8   | Found a runed door.
 29506 | Lair:8   | Reached XP level 16. HP: 115/129 MP: 28/28
 30301 | Orc:4    | Bought a scroll labeled TEDDUO RIMIL for 32 gold pieces
 30301 | Orc:4    | Bought a murky grey potion for 28 gold pieces
 30301 | Orc:4    | Bought a scroll of identify for 64 gold pieces
 30304 | Orc:4    | Bought a cursed ring of loudness for 63 gold pieces
 30304 | Orc:4    | Bought a cursed amulet of inaccuracy for 28 gold pieces
 30448 | Snake:1  | Entered Level 1 of the Snake Pit
 30693 | Snake:1  | Noticed Louise
 30715 | Snake:1  | Killed Louise
 31161 | Snake:1  | Received a gift from Okawaru
 32523 | Snake:2  | Reached skill level 1 in Crossbows
 32952 | Snake:2  | Found a bloodstained altar of Trog.
 33517 | Snake:3  | Received a gift from Okawaru
 33517 | Snake:3  | Reached skill level 5 in Crossbows
 34881 | Snake:4  | Noticed Azrael
 35097 | Snake:3  | HP: 6/130 [anaconda (2)]
 35102 | Snake:3  | Slain by an anaconda

Action                   |  1- 3 |  4- 6 |  7- 9 | 10-12 | 13-15 | 16-18 || total
-------------------------+-------+-------+-------+-------+-------+-------++-------
Melee: War axe           |    87 |    21 |       |       |       |       ||   108
       Scythe            |       |    75 |   142 |       |       |       ||   217
       Halberd           |       |       |   232 |   677 |  1761 |   343 ||  3013
       Spear             |       |       |       |       |   144 |       ||   144
 Fire: Arbalest          |       |       |       |       |       |    48 ||    48
Throw: Javelin           |       |       |       |     6 |     5 |       ||    11
Invok: Renounce Religion |       |       |     1 |       |       |       ||     1
       Heroism           |       |       |     1 |     9 |    12 |     5 ||    27
 Abil: Dig               |       |       |     2 |     3 |     9 |     4 ||    18
       Breathe Fire      |       |       |       |       |    16 |     3 ||    19
Evoke: Wand              |       |       |     2 |       |     5 |       ||     7
  Use: Potion            |     1 |     2 |     6 |    17 |     6 |     8 ||    40
       Scroll            |       |     2 |     9 |     7 |    18 |     5 ||    41
 Stab: Petrifying        |       |       |       |       |     1 |       ||     1
       Petrified         |       |       |       |       |     1 |       ||     1
  Eat: Chunk             |     2 |     5 |    14 |    27 |    35 |     8 ||    91
       Pizza             |       |       |     2 |     1 |     1 |       ||     4
       Fruit             |       |       |       |       |    13 |       ||    13
       Beef jerky        |       |       |       |       |     1 |     1 ||     2
       Meat ration       |       |       |       |       |       |     1 ||     1
       Bread ration      |       |       |       |       |       |     1 ||     1
